 Dungeon Crawl Stone Soup version 0.31.0-32-g396128a36d (webtiles) character file.

Game seed: 4792750099066729802

50 Curundu the Chopper (level 3, -3/51 HPs)
             Began as a Minotaur Berserker on Mar 18, 2024.
             Was a Follower of Trog.
             Slain by a gnoll
             ... wielding a +0 whip
              (6 damage)
             ... on level 2 of the Dungeon.
             The game lasted 00:02:11 (983 turns).

Curundu the Chopper (Minotaur Berserker)             Turns: 983, Time: 00:02:12

Health: -3/51      AC:  2    Str: 23    XL:     3   Next: 55%
Magic:  2/2        EV: 12    Int:  4    God:    Trog [*.....]
Gold:   79         SH:  5    Dex:  9    Spells: 2/2 levels left

rFire   . . .        n - +4 hand axe
rCold   . . .        (no shield)
rNeg    . . .        b - +0 animal skin
rPois   .            (helmet restricted)
rElec   .            (no cloak)
rCorr   .            (no gloves)
SInv    .            (no boots)
Will    .....        d - amulet of reflection Stlth
                     m - ring of flight
HPRegen 0.28/turn    (no ring)
MPRegen 0.08/turn

%: reflection
@: berserking, flying, very quick
A: horns 2, retaliatory headbutt
a: Renounce Religion, Berserk


You were on level 2 of the Dungeon.
You worshipped Trog.
Trog was aware of your devotion.
You visited 1 branch of the dungeon, and saw 2 of its levels.

You collected 79 gold pieces.

Inventory:

Hand Weapons
 n - a +4 hand axe (weapon)
Missiles
 g - 4 javelins (quivered)
Armour
 b - a +0 animal skin (worn)
Jewellery
 d - an amulet of reflection (around neck)
 i - a ring of fire
 m - a ring of flight (left hand)
Scrolls
 c - 3 scrolls of teleportation {unknown}
 l - a scroll of identify {unknown}
Potions
 a - a potion of attraction {unknown}
 e - a potion of enlightenment {unknown}
 f - 2 potions of curing {unknown}
 h - a potion of resistance {unknown}
 j - 3 potions of brilliance {unknown}
 k - a potion of heal wounds {unknown}


   Skills:
 + Level 4.4 Fighting
 + Level 4.4 Axes
 + Level 2.7 Armour
 + Level 2.6 Dodging


You had 2 spell levels left.
You didn't know any spells.
Your spell library was empty.

Dungeon Overview and Level Annotations

Branches:
Dungeon (2/15)

Altars:


Innate Abilities, Weirdness & Mutations

You have a pair of horns on your head.
You reflexively headbutt those who attack you in melee.


Message History

The throwing net barely misses the gnoll.
A gnoll comes into view.
It is wielding a +2 flail of protection.
The gnoll shouts!
The gnoll barely misses you. The gnoll hits you with a +0 whip.
You completely miss the gnoll. Your headbutt misses the gnoll.
You hit the gnoll.
The gnoll hits you with a +0 short sword.
The gnoll closely misses you. You furiously retaliate!
You headbutt the gnoll. The gnoll completely misses you.
The gnoll hits you with a +0 whip.
You slash the gnoll!
The gnoll is heavily wounded.
You closely miss the gnoll.
The gnoll hits you with a +0 short sword.
The gnoll hits you with a +0 whip!
You barely miss the gnoll. Your headbutt misses the gnoll.
The gnoll is heavily wounded.
You barely miss the gnoll. The gnoll hits you but does no damage.
The gnoll hits you with a +0 whip.
* * * LOW HITPOINT WARNING * * *
You slash the gnoll!
You kill the gnoll!
Trog accepts your kill.
You hit the gnoll but do no damage. The gnoll hits you with a +0 whip.
* * * LOW HITPOINT WARNING * * *
You hit the gnoll.
The gnoll is moderately wounded.
You barely miss the gnoll. The gnoll misses you. You block the gnoll's attack.
A red film seems to cover your vision as you go berserk!
You feel yourself moving faster!
You feel mighty! The gnoll hits you with a +0 whip.
* * * LOW HITPOINT WARNING * * *
The gnoll barely misses you.
You hit the gnoll but do no damage.
The gnoll is moderately wounded.
You closely miss the gnoll. You closely miss the gnoll. You headbutt the gnoll!
You kill the gnoll!
Trog accepts your kill.
You barely miss the gnoll. The gnoll hits you with a +0 whip.
You die...

#.# # # #.# .. #.
#.# ... #.##.#####
...#...)....# .
........#.#
....#.##.#.#.######
...(..)@..........#
..#.#.##g#.#.######
#.#.##.#(#.#
.........#.#.#
............# .
........>###
.#.#.####.# .#
#.#.#.# #.# ..
......####.#


You could see a gnoll.

Vanquished Creatures
  2 gnolls (D:2)
  An adder (D:2)
  A dart slug (D:1)
  3 bats (D:1)
  An endoplasm (D:1)
  A giant cockroach (D:1)
  3 hobgoblins
  4 jackals (D:1)
  2 kobolds
  A quokka (D:1)
  3 ball pythons (D:1)
  2 frilled lizards (D:1)
  3 rats
27 creatures vanquished.

Notes
Turn   | Place    | Note
-------+----------+-------------------------------------------
     0 | D:1      | Curundu the Minotaur Berserker began the quest for the Orb.
     0 | D:1      | Reached XP level 1. HP: 19/19 MP: 0/0
   126 | D:1      | Reached XP level 2. HP: 11/27 MP: 1/1
   847 | D:2      | Reached XP level 3. HP: 25/33 MP: 2/2
   981 | D:2      | HP: 2/51 [gnoll/+0 whip (4)]
   983 | D:2      | Slain by a gnoll

Illustrated notes

Levels and vault maps discovered:
D:1:      sevenhm_arrival_forest_fort_small_6, layout_loops_ring,
          serial_park_tiny_pond
D:2:      layout_basic

Skill      XL: |  1  2 |
---------------+-------+-----
Axes           | 4 |  4.4
Fighting       | 4 |  4.4
Armour         | |  2.7
Dodging        | |  2.6

Action                     || total
---------------------------++-------
  Melee: Hand axe          ||    65
         Headbutt          ||    10
         Punch             ||     2
 Invoke: Berserk           ||     1
 Armour: Animal skin       ||    42
  Dodge: Dodged            ||    36
  Block: Other             ||    10
         Reflection        ||     2
